 Dungeon Crawl Stone Soup version 0.26-a0-651-gb41185065b (webtiles) character file.

Game seed: 4559082934274540057

64 Azzok the Chopper (level 3, 0/29 HPs)
             Began as a Demonspawn Berserker on Oct 30, 2020.
             Was a Believer of Trog.
             Succumbed to an adder's poison
             ... on level 2 of the Dungeon.
             The game lasted 00:01:36 (1904 turns).

Azzok the Chopper (Demonspawn Berserker)            Turns: 1904, Time: 00:01:36

Health: 0/29       AC:  2    Str: 18    XL:     3   Next: 91%
Magic:  3/3        EV: 12    Int:  8    God:    Trog [**....]
Gold:   41         SH:  0    Dex: 12    Spells: 2/2 levels left

rFire    . . .     SeeInvis .   a - +0 hand axe
rCold    . . .     Faith    .   (no shield)
rNeg     . . .     Spirit   .   b - +0 animal skin
rPois    .         Reflect  .   (helmet restricted)
rElec    .         Harm     .   (no cloak)
rCorr    .         Rampage  .   (no gloves)
MR       .....                  (no boots)
Stlth    +.........             (no amulet)
HPRegen  0.09/turn              (no ring)
MPRegen  0.08/turn              (no ring)

@: lethally poisoned (0 -> -3)
A: horns 1, talons 1, mutation resistance 1, powered by pain 1
a: Berserk, Trog's Hand, Renounce Religion


You were on level 2 of the Dungeon.
You worshipped Trog.
Trog was pleased with you.
You visited 1 branch of the dungeon, and saw 2 of its levels.

You collected 41 gold pieces.

Inventory:

Hand Weapons
 a - a +0 hand axe (weapon)
Armour
 b - a +0 animal skin (worn)
Jewellery
 i - an uncursed ring of protection from magic {unknown}
Scrolls
 c - a scroll of amnesia {unknown}
 d - a scroll of enchant armour {unknown}
 e - a scroll of immolation {unknown}
 g - a scroll of magic mapping {unknown}
 h - a scroll of identify {unknown}


   Skills:
 - Level 3.0 Fighting
 + Level 4.4 Axes
 - Level 1.7 Armour
 - Level 1.7 Dodging


You had 2 spell levels left.
You didn't know any spells.
Your spell library was empty.

Dungeon Overview and Level Annotations

Branches:
Dungeon (2/15)

Altars:
Nemelex Xobeh


Innate Abilities, Weirdness & Mutations

You sometimes gain a little power by taking damage.
You have a pair of small horns on your head.
You have sharp toenails.
You are somewhat resistant to further mutation.


Message History

There is a lethal amount of poison in your body!
There is a lethal amount of poison in your body!
There is a lethal amount of poison in your body!
* * * LOW HITPOINT WARNING * * *
You feel sick.
* * * LOW HITPOINT WARNING * * *
You feel sick.
* * * LOW HITPOINT WARNING * * *
You feel sick.
There is a stone staircase leading down here.
* * * LOW HITPOINT WARNING * * *
You feel sick.
You see here a bat corpse.
* * * LOW HITPOINT WARNING * * *
You feel sick.
* * * LOW HITPOINT WARNING * * *
You feel sick.
* * * LOW HITPOINT WARNING * * *
You feel sick.
You die...

▒▒▒▒▒▒▒ ▒·····▒
▒·▒▒▒·▒▒▒▒▒▒▒
▒▒▒▒▒▒·▒ ▒········
▒······▒▒▒>·······
▒·▒▒▒▒··†··▒▒▒▒·▒▒
▒·▒ ▒·▒▒▒▒▒ ▒·▒
▒·▒ ▒·▒ ▒·▒ ▒@▒
▒·▒ ▒·▒ ▒·▒ ▒·▒
▒·▒ ▒·▒ ▒·▒ ▒▒▒▒ ▒
▒·▒ ▒·▒ ▒▒
▒·▒▒▒▒·▒▒▒▒·▒
▒▒···········▒
··>·····▒▒▒▒▒▒
··········▒ ▒
▒▒▒·▒▒·▒▒·▒


There were no monsters in sight!

Vanquished Creatures
  An adder (D:2)
  An ooze (D:1)
  2 dart slugs (D:1)
  2 ball pythons (D:1)
  5 bats
  A giant cockroach (D:1)
  4 goblins
  3 hobgoblins
  10 jackals
  3 kobolds
  6 frilled lizards
  3 rats
41 creatures vanquished.

Notes
Turn   | Place    | Note
-------+----------+-------------------------------------------
     0 | D:1      | Azzok the Demonspawn Berserker began the quest for the Orb.
     0 | D:1      | Reached XP level 1. HP: 18/18 MP: 1/1
    26 | D:1      | Reached skill level 3 in Axes
   192 | D:1      | Gained mutation: You sometimes gain a little power by
                  | taking damage. [demonic ancestry]
   192 | D:1      | Reached XP level 2. HP: 24/24 MP: 2/2
   630 | D:1      | Reached XP level 3. HP: 15/29 MP: 3/3
  1099 | D:1      | Found a sparkling altar of Nemelex Xobeh.
  1282 | D:2      | Reached skill level 4 in Axes
  1288 | D:2      | Reached ** piety under Trog
  1305 | D:1      | HP: 2/43 [jackal (1)]
  1885 | D:2      | Gained mutation: You have sharp toenails. [potion of
                  | mutation]
  1885 | D:2      | Gained mutation: You have a pair of small horns on your
                  | head. [potion of mutation]
  1885 | D:2      | Gained mutation: You are somewhat resistant to further
                  | mutation. [potion of mutation]
  1897 | D:2      | HP: 1/29 [poisoned by an adder]
  1904 | D:2      | Succumbed to an adder's poison

Illustrated notes

Levels and vault maps discovered:
D:1:      dpeg_arrival_round_c, layout_basic, chequers_serial_rivers_micro_a,
          chequers_serial_rivers_marsh, nemelex_xobeh_ov_fountains_minmay
D:2:      layout_loops_ring, nicolae_overflow_hidden_temple, lemuel_round_altar,
          chequers_ecumenical_altar_grove

Skill      XL: |  1  2  3 |
---------------+----------+-----
Axes           | 3 4 |  4.4
Fighting       | |  3.0
Armour         | |  1.7
Dodging        | |  1.7

Action                   || total
-------------------------++-------
Melee: Hand axe          ||   121
Invok: Berserk           ||     2
  Use: Potion            ||     1
Armor: Animal skin       ||    24
Dodge: Dodged            ||   123

Table legend: (Time is in decaauts)
 A = Elapsed time spent in this place.
 B = Non-inter-level travel time spent in this place.
 C = Inter-level travel time spent in this place.
 D = Time resting spent in this place.
 E = Time spent auto-exploring this place.
 F = Levels seen in this place.
 G = Mean time per level.
                   A        B        C        D        E       F      G
               +--------+--------+--------+--------+--------+-----+--------+
         Total |   1943 |   1919 |     24 |    468 |   1131 |   2 |  971.5 |
       Dungeon |   1943 |   1919 |     24 |    468 |   1131 |   2 |  971.5 |
               +--------+--------+--------+--------+--------+-----+--------+

Top non-repeatable levels by time:
     D:1: 1753 daAuts
     D:2: 189 daAuts
